[Event "Titled Tuesday Blitz March 22 Late 2022"]
[White "Atzl, Florian"]
[Black "Zhurbinsky, David"]
[WhiteFideId "1635891"]
[BlackFideId "2072904"]
[WhiteElo "2085"]
[BlackElo "2566"]
[Result "1-0"]
[Round "06"]
[TimeControl "180+1"]
[Date "2022.03.22"]
[WhiteClock "0:00:16"]
[BlackClock "0:00:07"]

1. e4 e5 2. Bc4 Nf6 3. d3 c6 4. Nf3 d5 5. Bb3 Bd6 6. O-O O-O 7. Bg5 Be6 8. exd5 cxd5 9. Nc3 d4 10. Ne4 Be7 11. Nxe5 Bxb3 12. Nxf6+ gxf6 13. Bh6 Be6 14. Qf3 Kh8 15. Bxf8 Bxf8 16. Qxb7 fxe5 17. Qxa8 Bd5 18. Qxa7 Nc6 19. Qa4 Bd6 20. f3 Qh4 21. c4 e4 22. f4 Bxf4 23. Rxf4 Qxf4 24. cxd5 Qe3+ 25. Kh1 Ne7 26. Qe8+ Ng8 27. Qxe4 Qf2 28. Qe5+ f6 29. Qe1 Qxb2 30. d6 Qb7 31. Qe4 Qd7 32. Qxd4 Kg7 33. Re1 Kf7 34. Qd5+ Kf8 35. Qa8+ Kg7 36. Qa5 Kh8 37. Qc7 Qg4 38. d7 Qh4 39. Qg3 Qd4 40. Qh3 Qc3 41. Rf1 Qxd3 42. Qxd3 Ne7 43. d8=Q+ Ng8 44. Qxg8+ Kxg8 45. Qd5+ Kg7 46. Qd7+ Kg6 47. Qg4+ Kh6 48. Qf4+ Kh5 49. g4+ Kg6 50. Qf5+ Kf7 51. Qxf6+ Ke8 52. Qf7+ Kd8 53. Rd1+ Kc8 54. Rd7 h5 55. Rc7+ Kd8 56. Qd7# 1-0


[Site "https://www.chess.com"]

[Event "Titled Tuesday Blitz March 22 Late 2022"]
[White "Avazkhonov, Alikhon"]
[Black "Halkias, Stelios"]
[WhiteFideId "14208504"]
[BlackFideId "4201809"]
[WhiteElo "1739"]
[BlackElo "2453"]
[Result "0-1"]
[Round "06"]
[TimeControl "180+1"]
[Date "2022.03.22"]
[WhiteClock "0:00:01"]
[BlackClock "0:00:22"]

1. f4 Nf6 2. Nf3 g5 3. fxg5 Ne4 4. d3 Nd6 5. e4 Bg7 6. e5 Nc6 7. exd6 cxd6 8. Nc3 e6 9. Bf4 d5 10. d4 d6 11. Be2 O-O 12. O-O e5 13. Be3 Be6 14. Qd2 Re8 15. Rad1 Ne7 16. Nh4 Rc8 17. g4 a6 18. Nf5 Ng6 19. Nxg7 Kxg7 20. dxe5 dxe5 21. Nxd5 Bxd5 22. Qxd5 Qxd5 23. Rxd5 Rxc2 24. Rd2 Rc7 25. b3 Rc3 26. Rd3 Rc2 27. Rd2 Rc3 28. Bf2 Nf4 29. Bg3 Nh3+ 30. Kg2 Nxg5 31. Bc4 b5 32. Bxf7 Nxf7 33. Rd7 Rc2+ 34. Kh3 Rf8 35. Bxe5+ Kg8 36. Bf6 Ng5+ 37. Kh4 Ne6 0-1


[Site "https://www.chess.com"]

[Event "Titled Tuesday Blitz March 22 Late 2022"]
[White "Aydin, Gulenay"]
[Black "Paszewski, Mateusz"]
[WhiteFideId "34557431"]
[BlackFideId "1141058"]
[WhiteElo "1429"]
[BlackElo "2102"]
[Result "0-1"]
[Round "06"]
[TimeControl "180+1"]
[Date "2022.03.22"]
[WhiteClock "0:00:07"]
[BlackClock "0:00:17"]

1. e4 c5 2. Nf3 d6 3. d4 cxd4 4. Nxd4 Nf6 5. Nc3 a6 6. f3 e5 7. Nb3 Be6 8. Be3 h5 9. Qd2 Nbd7 10. O-O-O Rc8 11. h3 h4 12. Kb1 Be7 13. Rg1 b5 14. g4 hxg3 15. Rxg3 g6 16. Rg1 Nb6 17. Qf2 Nfd7 18. f4 Rxc3 19. bxc3 Na4 20. Bd2 exf4 21. Qxf4 Qc7 22. Rg3 Ne5 23. Be2 Bc4 24. Qe3 Bh4 25. Rgg1 Bf6 26. Rgf1 Bg7 27. Qf2 Rxh3 28. Bxc4 bxc4 29. Rh1 Rxh1 30. Rxh1 cxb3 31. axb3 Nxc3+ 32. Kc1 Nd3+ 33. cxd3 Nxe4+ 0-1


[Site "https://www.chess.com"]

[Event "Titled Tuesday Blitz March 22 Late 2022"]
[White "Baches Garcia, Guillermo"]
[Black "Kaasen, Tor Fredrik"]
[WhiteFideId "2209764"]
[BlackFideId "1516647"]
[WhiteElo "2481"]
[BlackElo "2335"]
[Result "1/2-1/2"]
[Round "06"]
[TimeControl "180+1"]
[Date "2022.03.22"]
[WhiteClock "0:01:10"]
[BlackClock "0:02:06"]

1. e4 c5 2. Nf3 d6 3. d4 cxd4 4. Nxd4 Nf6 5. Nc3 a6 6. Bd3 g6 7. Be3 Ng4 8. Bg5 Bg7 9. Nb3 O-O 10. Qd2 Nc6 11. O-O-O b5 12. Kb1 b4 13. Nd5 a5 14. Bb5 Nge5 15. f4 a4 16. fxe5 axb3 17. cxb3 Qa5 1/2-1/2


[Site "https://www.chess.com"]

[Event "Titled Tuesday Blitz March 22 Late 2022"]
[White "Bachmann, Axel"]
[Black "Koutlas, Nikolaos"]
[WhiteFideId "3700488"]
[BlackFideId "25827138"]
[WhiteElo "2587"]
[BlackElo "1610"]
[Result "1-0"]
[Round "06"]
[TimeControl "180+1"]
[Date "2022.03.22"]
[WhiteClock "0:01:52"]
[BlackClock "0:00:03"]

1. d4 Nf6 2. g3 c5 3. d5 g6 4. c4 Bg7 5. Nc3 e6 6. Nf3 exd5 7. cxd5 O-O 8. Bg2 d6 9. O-O Re8 10. Re1 a6 11. a4 Bf5 12. Nd2 Nbd7 13. e4 Bg4 14. f3 Bh5 15. g4 Ne5 16. gxh5 Nd3 17. hxg6 hxg6 18. Rf1 Nh5 19. Nc4 Nhf4 20. Ne2 Nxe2+ 21. Qxe2 Bd4+ 22. Be3 Nc1 1-0


[Site "https://www.chess.com"]

[Event "Titled Tuesday Blitz March 22 Late 2022"]
[White "Barp, Alberto"]
[Black "Weber, Samuel"]
[WhiteFideId "872555"]
[BlackFideId "12924008"]
[WhiteElo "2229"]
[BlackElo "2215"]
[Result "1-0"]
[Round "06"]
[TimeControl "180+1"]
[Date "2022.03.22"]
[WhiteClock "0:00:44"]
[BlackClock "0:00:09"]

1. d4 Nf6 2. Bg5 d5 3. Bxf6 gxf6 4. c4 e6 5. e3 c5 6. cxd5 Qxd5 7. Nc3 Qd8 8. Nf3 Be7 9. d5 exd5 10. Qxd5 Qxd5 11. Nxd5 Bd8 12. Bb5+ Bd7 13. Bxd7+ Nxd7 14. Ke2 Rg8 15. g3 Nb6 16. Nc3 f5 17. a4 Bf6 18. Rhc1 Rg4 19. a5 Nd7 20. Rab1 Bd8 21. a6 bxa6 22. Nd5 Rb8 23. b3 a5 24. h3 Re4 25. Nd2 Re5 26. Nc3 h5 27. Nc4 Re6 28. h4 f4 29. gxf4 Bxh4 30. Rh1 Bd8 31. Rxh5 Bf6 32. Nd5 Bd8 33. f5 Rc6 34. Rh8+ Nf8 35. Rg1 Bf6 36. Rh6 Rxb3 37. Nxf6+ Kd8 38. Ne5 Rb2+ 39. Kf3 Rcb6 40. Rd1+ Ke7 41. Nd5+ 1-0


[Site "https://www.chess.com"]

[Event "Titled Tuesday Blitz March 22 Late 2022"]
[White "Beerdsen, Thomas"]
[Black "Jobava, Baadur"]
[WhiteFideId "1030108"]
[BlackFideId "13601520"]
[WhiteElo "2585"]
[BlackElo "2617"]
[Result "0-1"]
[Round "06"]
[TimeControl "180+1"]
[Date "2022.03.22"]
[WhiteClock "0:00:28"]
[BlackClock "0:01:49"]

1. e4 c6 2. Nf3 d5 3. Nc3 Bg4 4. h3 Bxf3 5. Qxf3 e6 6. d4 dxe4 7. Nxe4 Qxd4 8. Bd3 Nd7 9. Be3 Qd5 10. O-O Ne5 11. Qg3 Nxd3 12. cxd3 Nf6 13. Bg5 Be7 14. Bxf6 Bxf6 15. Nd6+ Ke7 16. Nxb7 Rab8 17. Qc7+ Qd7 18. Qxd7+ Kxd7 19. Nc5+ Ke7 20. Nb3 Rhd8 21. Rac1 Rb6 22. Na5 Rxd3 23. b3 Kd7 24. Rc2 Ra6 25. Nb7 Be7 26. Rfc1 Rd5 27. a4 Rb6 28. Nc5+ Rxc5 29. Rxc5 Bxc5 30. Rxc5 Rxb3 31. Ra5 Rb1+ 32. Kh2 Rb7 33. Rh5 h6 34. Rc5 Kd6 35. Rg5 hxg5 0-1


[Site "https://www.chess.com"]

[Event "Titled Tuesday Blitz March 22 Late 2022"]
[White "Bernal Moro, Luis Javier"]
[Black "Daianu, Cristian-Clement"]
[WhiteFideId "2200236"]
[BlackFideId "1208926"]
[WhiteElo "2373"]
[BlackElo "2159"]
[Result "0-1"]
[Round "06"]
[TimeControl "180+1"]
[Date "2022.03.22"]
[WhiteClock "0:00:06"]
[BlackClock "0:00:51"]

1. Nf3 f5 2. d3 e6 3. e4 Nf6 4. exf5 exf5 5. d4 Be7 6. Bd3 d5 7. O-O O-O 8. c4 c6 9. Nc3 Ne4 10. Ne5 Nd7 11. cxd5 Nxe5 12. Bxe4 Ng6 13. Bf3 Bd6 14. dxc6 bxc6 15. Re1 Kh8 16. g3 f4 17. Ne4 fxg3 18. hxg3 Bc7 19. Bg5 Qd5 20. Bg2 Qf5 21. Be3 Be6 22. Ng5 Bd5 23. Bh3 Qf6 24. Qh5 h6 25. Ne6 Bxe6 26. Bxh6 Qxf2+ 27. Kh1 Bd5+ 0-1


[Site "https://www.chess.com"]

[Event "Titled Tuesday Blitz March 22 Late 2022"]
[White "Bibasa, Bob"]
[Black "Thomas, Anysia"]
[WhiteFideId "10000240"]
[BlackFideId "670472"]
[WhiteElo "2056"]
[BlackElo "2002"]
[Result "1-0"]
[Round "06"]
[TimeControl "180+1"]
[Date "2022.03.22"]
[WhiteClock "0:00:55"]
[BlackClock "0:00:02"]

1. e4 c5 2. Nf3 g6 3. d4 cxd4 4. Nxd4 Nc6 5. c4 Nf6 6. Nc3 d6 7. Be2 Nxd4 8. Qxd4 Bg7 9. Be3 O-O 10. Qd2 Be6 11. O-O Qa5 12. Nd5 Qxd2 13. Nxe7+ Kh8 14. Bxd2 Nxe4 15. Be3 b6 16. Bf3 Rae8 17. Bxe4 Rxe7 18. Bd3 Bxb2 19. Rad1 Bg7 20. Rfe1 Rc7 21. Bf4 Rc6 22. Be4 Rxc4 23. Bxd6 Rd8 24. Bf3 Rc2 25. a3 Bf6 26. h3 Kg7 27. Rd3 Bf5 28. Rd5 Be6 29. Rd3 Bc4 30. Rdd1 Rc3 31. Bb4 Rxd1 32. Rxd1 Rd3 33. Rc1 b5 34. Re1 Bc3 35. Re7 Bxb4 36. axb4 Ra3 37. Bc6 a6 38. Ra7 Ra4 39. f3 Rxb4 40. Rxa6 Rb2 41. Ra1 b4 42. Rc1 Be6 43. Be4 b3 44. f4 Re2 45. Bd3 Rd2 46. Be4 b2 47. Re1 Ba2 48. Bb1 Bxb1 49. Rxb1 Rc2 50. Kh2 Kf6 51. Kg3 h5 52. Kf3 Kf5 53. g4+ hxg4+ 54. hxg4+ Ke6 55. Ke4 Kd6 56. Kd4 Kc6 57. Ke5 Kc5 58. Kf6 Kc4 59. Kxf7 Kb3 60. Kxg6 Rg2 61. g5 Kc2 62. Rxb2+ Kxb2 63. f5 Kc3 64. f6 Kd4 65. f7 Rf2 66. Kg7 Ke5 67. g6 Ke6 68. f8=Q Rxf8 69. Kxf8 Kf6 70. g7 1-0


[Site "https://www.chess.com"]

[Event "Titled Tuesday Blitz March 22 Late 2022"]
[White "Borodavkin, Anatoly"]
[Black "Terletsky, Oleg"]
[WhiteFideId "14150662"]
[BlackFideId "14116774"]
[WhiteElo "1845"]
[BlackElo "2064"]
[Result "1/2-1/2"]
[Round "06"]
[TimeControl "180+1"]
[Date "2022.03.22"]
[WhiteClock "0:00:10"]
[BlackClock "0:00:23"]

1. e4 e5 2. Nf3 Nc6 3. Bb5 a6 4. Ba4 Nf6 5. O-O Be7 6. d3 b5 7. Bb3 d6 8. a4 Bg4 9. Be3 O-O 10. h3 Bd7 11. Nc3 Na5 12. Ba2 b4 13. Nd5 Nxd5 14. Bxd5 c6 15. Ba2 c5 16. Bd5 Rb8 17. b3 Kh8 18. Qd2 f5 19. exf5 Bxf5 20. Ng5 Bxg5 21. Bxg5 Qd7 22. Qe3 Nc6 23. Bxc6 Qxc6 24. f4 h6 25. Bh4 e4 26. g4 Bh7 27. f5 exd3 28. Qxd3 Bg8 29. Rae1 Bd5 30. f6 g5 31. Re7 Bf7 32. Bg3 Qd5 33. Qxd5 Bxd5 34. Bxd6 Rbc8 35. Ra7 Rf7 36. Rxf7 Bxf7 37. Re1 Re8 38. Rxe8+ Bxe8 39. Bxc5 Bg6 40. Bxb4 Bxc2 41. Bc3 Kg8 42. b4 Bxa4 43. Kf2 Kf7 44. Kg3 Bc6 45. h4 gxh4+ 46. Kxh4 Bd7 47. g5 hxg5+ 48. Kxg5 Bb5 49. Kf4 Bc4 50. Ke5 Bb5 51. Kd6 Bf1 52. Kc5 Be2 53. Kb6 Bb5 54. Kc5 Bd3 55. Kb6 Bb5 56. Kc5 Bd3 57. Kb6 Bb5 1/2-1/2


[Site "https://www.chess.com"]

[Event "Titled Tuesday Blitz March 22 Late 2022"]
[White "Brahami, Lamine"]
[Black "Dias, Joao Batista"]
[WhiteFideId "7905637"]
[BlackFideId "2108240"]
[WhiteElo "1909"]
[BlackElo "1898"]
[Result "1-0"]
[Round "06"]
[TimeControl "180+1"]
[Date "2022.03.22"]
[WhiteClock "0:01:21"]
[BlackClock "0:01:29"]

1. d4 d5 2. c4 c6 3. Nc3 Nf6 4. cxd5 cxd5 5. g3 e6 6. Bg2 Be7 7. Nf3 O-O 8. O-O a6 9. Rb1 Nc6 10. a3 b5 11. Re1 Bd7 12. e4 dxe4 13. Nxe4 Nxe4 14. Rxe4 Rc8 15. Re2 Bf6 16. h4 Qe7 17. d5 Na5 18. d6 Qd8 19. Bg5 h6 20. Bxf6 Qxf6 21. Ne5 Rfd8 22. Qd3 Nc4 23. Ng4 Qf5 24. Qxf5 exf5 25. Ne5 Nxd6 26. Rd1 Be6 27. Red2 Rc5 28. Nf3 Rc6 29. Ne5 Rc5 30. Nc6 Rc8 31. Rxd6 Kh7 32. Nd4 Re5 33. Nxe6 fxe6 34. Rxa6 Rc2 35. h5 Ree2 36. Bf1 Rxf2 37. Ra8 Rxb2 38. Rdd8 g5 39. Ra7# 1-0


[Site "https://www.chess.com"]

[Event "Titled Tuesday Blitz March 22 Late 2022"]
[White "Bryakin, Mikhail"]
[Black "Petesch, Gabriel"]
[WhiteFideId "4165314"]
[BlackFideId "2032465"]
[WhiteElo "2417"]
[BlackElo "2374"]
[Result "1-0"]
[Round "06"]
[TimeControl "180+1"]
[Date "2022.03.22"]
[WhiteClock "0:00:06"]
[BlackClock "0:00:03"]

1. e4 d6 2. d4 g6 3. Nc3 c6 4. a4 Bg7 5. Nf3 a5 6. h3 Nf6 7. Be2 O-O 8. O-O Qc7 9. Be3 e5 10. d5 Nbd7 11. Nd2 Rd8 12. Nc4 Ne8 13. Qd2 Nf8 14. Nb6 Rb8 15. Rad1 Nd7 16. Nxd7 Bxd7 17. b3 f5 18. f3 Nf6 19. g4 f4 20. Bf2 Bf8 21. Bc4 Kg7 22. h4 b5 23. dxc6 bxc4 24. cxd7 cxb3 25. cxb3 Qxd7 26. Nb5 d5 27. g5 Nh5 28. Qxd5 Qh3 29. Qxe5+ Kg8 30. Rxd8 Rxd8 31. Nc7 Ng3 32. Qe6+ Qxe6 33. Nxe6 Re8 34. Bxg3 Rxe6 35. Bxf4 Rb6 36. Rb1 Bc5+ 37. Kg2 Kf7 38. Kg3 Ke6 39. Kg4 Rb4 40. h5 Rb7 41. h6 Ba3 42. Bd2 Ra7 43. Bc3 Bd6 44. Rd1 Rf7 45. Bd2 Rb7 46. Bxa5 Rxb3 47. f4 Be7 48. f5+ gxf5+ 49. exf5+ Kf7 50. Rd7 Ra3 51. Rxe7+ Kxe7 52. Bb4+ 1-0


[Site "https://www.chess.com"]

[Event "Titled Tuesday Blitz March 22 Late 2022"]
[White "Cappai, Davide"]
[Black "Burke, Paul"]
[WhiteFideId "813338"]
[BlackFideId "2605767"]
[WhiteElo "2295"]
[BlackElo "1926"]
[Result "1-0"]
[Round "06"]
[TimeControl "180+1"]
[Date "2022.03.22"]
[WhiteClock "0:02:39"]
[BlackClock "0:00:10"]

1. b3 a6 2. Bb2 d6 3. f4 Nd7 4. Nf3 Ngf6 5. g3 g6 6. Bg2 Bg7 7. O-O O-O 8. d3 Rb8 9. e4 b5 10. a4 b4 11. Nbd2 Bb7 12. Qe2 h6 13. h3 Kh7 14. g4 Rh8 15. Rf2 Kg8 16. Nf1 e6 17. Ne3 c5 18. Raf1 Qc7 19. f5 e5 20. fxg6 fxg6 21. Nh4 Nf8 22. Rxf6 Bxf6 23. Rxf6 Kg7 24. Qf2 Re8 25. Nd5 Bxd5 26. exd5 Qe7 27. Rxg6+ Nxg6 28. Nf5+ Kg8 29. Nxe7+ Rxe7 30. Qf6 1-0


[Site "https://www.chess.com"]

[Event "Titled Tuesday Blitz March 22 Late 2022"]
[White "Chyngyz, Sultai"]
[Black "Adewumi, Tanitoluwa"]
[WhiteFideId "13803158"]
[BlackFideId "30966396"]
[WhiteElo "1365"]
[BlackElo "2537"]
[Result "0-1"]
[Round "06"]
[TimeControl "180+1"]
[Date "2022.03.22"]
[WhiteClock "0:00:17"]
[BlackClock "0:00:17"]

1. e4 c5 2. Nf3 d6 3. d4 cxd4 4. Nxd4 Nf6 5. Nc3 e6 6. Be2 a6 7. O-O b5 8. a3 Bb7 9. f3 Be7 10. Be3 Nbd7 11. Qe1 O-O 12. Qg3 Ne5 13. Rad1 Rc8 14. Nb3 Qc7 15. Bd4 Nh5 16. Qh3 Nf4 17. Qg3 Nxe2+ 18. Nxe2 Qxc2 19. Nec1 Ng6 20. Bc3 Bh4 21. Qg4 f5 22. exf5 exf5 23. Qd4 Bf6 24. Qxd6 Bxc3 25. Rf2 Be5 26. Qe6+ Kh8 27. Rxc2 Rxc2 28. Nd3 Bf6 29. Ndc5 Rxg2+ 30. Kh1 Bxf3 31. Rd3 Ba8 32. Rd5 Nf4 33. Qd6 Rg8 34. Qxf4 Bxd5 35. Qd6 Rd2+ 36. Kg1 Rd1+ 37. Kf2 Bxb3 38. Qxa6 Bd4+ 39. Ke2 Bxc5 40. Qxb5 Rf8 41. Qxc5 Rdd8 42. Kf3 Bd5+ 43. Kf4 Be4 44. a4 h6 45. h4 Rde8 46. a5 Rf7 47. a6 Ba8 48. Kg3 f4+ 49. Kf2 f3 50. b4 Re2+ 51. Kf1 f2 52. Qc8+ Kh7 53. Qc3 Re1+ 54. Qxe1 fxe1=Q+ 55. Kxe1 Rf4 56. Kd2 Rxb4 57. Kc3 Rb6 58. h5 Rxa6 59. Kb4 Rg6 60. hxg6+ Kxg6 61. Kc4 h5 62. Kd4 h4 63. Ke3 h3 64. Kf2 h2 65. Kg3 h1=Q 66. Kf4 Qf3+ 67. Ke5 Qe4+ 68. Kd6 Qd5+ 69. Kc7 Qc6+ 70. Kd8 Qb7 71. Ke8 Kf6 72. Kd8 Ke6 73. Ke8 Qc8# 0-1


[Site "https://www.chess.com"]

[Event "Titled Tuesday Blitz March 22 Late 2022"]
[White "Clawitter, Craig"]
[Black "Martin Carmona, Gaston Manuel"]
[WhiteFideId "2023105"]
[BlackFideId "22284567"]
[WhiteElo "2217"]
[BlackElo "2161"]
[Result "0-1"]
[Round "06"]
[TimeControl "180+1"]
[Date "2022.03.22"]
[WhiteClock "0:00:01"]
[BlackClock "0:00:56"]

1. e4 e6 2. d4 d5 3. e5 c5 4. c3 Qb6 5. Nf3 Nc6 6. a3 c4 7. Nbd2 Na5 8. g3 Bd7 9. Bg2 O-O-O 10. O-O Kb8 11. Rb1 h6 12. h4 Ne7 13. b4 cxb3 14. Nxb3 Ba4 15. Nfd2 Nxb3 16. Nxb3 Nc6 17. Re1 Na5 18. Nxa5 Bxd1 19. Rxb6 axb6 20. Nxb7 Kxb7 21. Rxd1 b5 22. Rd3 Be7 23. Rf3 Rhf8 24. h5 Ra8 25. g4 Bxa3 26. Bxa3 Rxa3 27. g5 hxg5 28. Rg3 b4 29. cxb4 Rxg3 30. fxg3 Kc6 31. Bf1 Rb8 32. b5+ Kb6 33. Kf2 Rc8 34. Kf3 Rc1 35. Be2 Re1 36. Kf2 Rh1 37. Ke3 Rg1 38. Kf2 Rb1 39. Kf3 Rb4 40. Ke3 Rb3+ 41. Bd3 Ka5 0-1


[Site "https://www.chess.com"]

[Event "Titled Tuesday Blitz March 22 Late 2022"]
[White "Costachi, Mihnea"]
[Black "Deac, Bogdan-Daniel"]
[WhiteFideId "1217518"]
[BlackFideId "1226380"]
[WhiteElo "2464"]
[BlackElo "2646"]
[Result "0-1"]
[Round "06"]
[TimeControl "180+1"]
[Date "2022.03.22"]
[WhiteClock "0:00:03"]
[BlackClock "0:00:12"]

1. b3 d5 2. Bb2 c5 3. Nf3 Nc6 4. g3 f6 5. Bg2 e5 6. d3 Be6 7. O-O Qd7 8. Nbd2 Nge7 9. e4 d4 10. a4 g5 11. Nc4 Ng6 12. Ne1 h5 13. f3 h4 14. g4 h3 15. Bh1 Nf4 16. Bc1 Kf7 17. Bxf4 exf4 18. Qe2 Bd6 19. Kf2 Bc7 20. Rg1 b6 21. Qd2 Rhd8 22. Qe2 Rab8 23. Qf1 Rh8 24. Qe2 a6 25. Qd2 b5 26. Nb2 Ba5 27. Qc1 Bc3 28. Rb1 Ne5 29. Nd1 bxa4 30. bxa4 Qd6 31. Rxb8 Rxb8 32. Ke2 Qb6 33. Qa3 Bb4 34. Qb2 Qc7 35. Qc1 Qa5 36. Nf2 Rh8 37. Qa1 Bc3 38. Qa3 Rb8 39. Qc1 Qxa4 40. Nxh3 Qa2 41. Nf2 Rb1 42. Qxb1 Qxb1 43. h4 Bxe1 44. Rxe1 Qxc2+ 45. Kf1 Nxd3 46. Re2 Qc1+ 47. Kg2 Nxf2 48. Kxf2 d3 49. Re1 d2 0-1


[Site "https://www.chess.com"]

[Event "Titled Tuesday Blitz March 22 Late 2022"]
[White "Demchenko, Anton"]
[Black "Jaferian, Koosha"]
[WhiteFideId "4160258"]
[BlackFideId "12507440"]
[WhiteElo "2539"]
[BlackElo "2030"]
[Result "0-1"]
[Round "06"]
[TimeControl "180+1"]
[Date "2022.03.22"]
[WhiteClock "0:00:01"]
[BlackClock "0:00:14"]

1. e4 c6 2. d4 d5 3. e5 Bf5 4. Nf3 e6 5. Be2 c5 6. c3 Nc6 7. O-O cxd4 8. Nxd4 Nge7 9. Nxf5 Nxf5 10. Bd3 g6 11. Qe2 Bg7 12. f4 O-O 13. Nd2 f6 14. exf6 Qxf6 15. Nf3 Rae8 16. Bb5 Nd6 17. Ba4 Ne4 18. Be3 a6 19. Bxc6 bxc6 20. Qxa6 c5 21. Qe2 Rb8 22. Rae1 Rb7 23. Ng5 Nxg5 24. fxg5 Qe7 25. Rxf8+ Qxf8 26. Bf2 e5 27. c4 d4 28. b3 Qf5 29. g4 Qxg5 30. Qe4 Qe7 31. Bg3 Ra7 32. Re2 Rd7 33. Qd3 Qe6 34. h3 Re7 35. Qe4 h6 36. Kg2 Kh7 37. h4 Kh8 38. Rf2 Rd7 39. a4 d3 40. a5 d2 41. Rf1 d1=Q 42. Rxd1 Rxd1 43. Bf2 Rd8 0-1


[Site "https://www.chess.com"]

[Event "Titled Tuesday Blitz March 22 Late 2022"]
[White "Dilanyan, Grigor"]
[Black "Kostiukov, Alexandr"]
[WhiteFideId "13303570"]
[BlackFideId "14108100"]
[WhiteElo "2279"]
[BlackElo "2202"]
[Result "1-0"]
[Round "06"]
[TimeControl "180+1"]
[Date "2022.03.22"]
[WhiteClock "0:01:15"]
[BlackClock "0:00:09"]

1. e4 c5 2. Nf3 g6 3. d4 cxd4 4. Nxd4 Bg7 5. Nc3 Nc6 6. Be3 Nf6 7. Bc4 O-O 8. Bb3 a5 9. a3 Ng4 10. Qxg4 Nxd4 11. O-O Nxb3 12. cxb3 d5 13. Qf3 d4 14. Rfd1 Qb6 15. Nd5 Qxb3 16. Nxe7+ Kh8 17. Bxd4 Qxf3 18. gxf3 Be6 19. Rac1 Rad8 20. Bxg7+ Kxg7 21. Nd5 Bxd5 22. exd5 Rd7 23. Rc5 b6 24. Rc6 Rfd8 25. d6 b5 26. Rd5 b4 27. a4 Kf6 28. Rb6 Ke6 29. Rxa5 Rxd6 30. Rxb4 Rd1+ 31. Kg2 Ra1 32. Ra6+ Ke7 33. Rb7+ Kf8 34. Rf6 Rdd1 35. Rfxf7+ Kg8 36. Rg7+ Kh8 37. Rxh7+ Kg8 38. b3 Rac1 39. Rhc7 Rg1+ 40. Kh3 Rxc7 41. Rxc7 Rb1 42. Rb7 1-0


[Site "https://www.chess.com"]

[Event "Titled Tuesday Blitz March 22 Late 2022"]
[White "Dobrov, Vladimir"]
[Black "Tanenbaum, Zachary"]
[WhiteFideId "4136594"]
[BlackFideId "2060850"]
[WhiteElo "2614"]
[BlackElo "2168"]
[Result "1-0"]
[Round "06"]
[TimeControl "180+1"]
[Date "2022.03.22"]
[WhiteClock "0:02:12"]
[BlackClock "0:00:13"]

1. e4 e5 2. f4 exf4 3. Nf3 d6 4. Bc4 h6 5. O-O g5 6. g3 fxg3 7. Bxf7+ Kxf7 8. Ne5+ Ke7 9. Ng6+ Kd7 10. Rxf8 gxh2+ 11. Kh1 Nf6 12. Rxh8 Ne8 13. d4 Qf6 14. Rxh6 Kd8 15. Ne5 Qf2 16. Bxg5+ 1-0


[Site "https://www.chess.com"]

[Event "Titled Tuesday Blitz March 22 Late 2022"]
[White "Dolzhykova, Kateryna"]
[Black "Sanchez, Robert"]
[WhiteFideId "14113414"]
[BlackFideId "2034360"]
[WhiteElo "2184"]
[BlackElo "2248"]
[Result "1-0"]
[Round "06"]
[TimeControl "180+1"]
[Date "2022.03.22"]
[WhiteClock "0:00:16"]
[BlackClock "0:01:10"]

1. e4 e6 2. d3 c5 3. g3 Nc6 4. Bg2 d6 5. Nf3 g6 6. O-O Bg7 7. Nc3 Nge7 8. Be3 e5 9. Qd2 h6 10. Nh4 Nd4 11. f4 exf4 12. gxf4 Bd7 13. f5 Nexf5 14. Nxf5 gxf5 15. exf5 Bxf5 16. Rae1 O-O 17. Bxh6 Bg6 18. Bxg7 Kxg7 19. Nd5 Qh4 20. c3 Ne6 21. Nf4 Rh8 22. Nxe6+ fxe6 23. Qf4 Qxf4 24. Rxf4 e5 25. Rf3 Raf8 26. Rg3 Rf6 27. Bxb7 Rb8 28. Be4 Rxb2 29. Rf1 Rxf1+ 30. Kxf1 Rxa2 31. Rxg6+ Kf7 32. Rxd6 Rxh2 33. Rd5 Rc2 34. Rxc5 a5 35. Rxa5 Rxc3 36. Rxe5 1-0


[Site "https://www.chess.com"]

[Event "Titled Tuesday Blitz March 22 Late 2022"]
[White "Erdogdu, Mert"]
[Black "Hartikainen, Jarmo"]
[WhiteFideId "6301495"]
[BlackFideId "503134"]
[WhiteElo "2485"]
[BlackElo "2102"]
[Result "1-0"]
[Round "06"]
[TimeControl "180+1"]
[Date "2022.03.22"]
[WhiteClock "0:01:05"]
[BlackClock "0:00:02"]

1. e4 c5 2. Nf3 Nc6 3. d4 cxd4 4. Nxd4 Nf6 5. Nc3 d6 6. Bg5 e6 7. Qd2 a6 8. O-O-O Bd7 9. f3 Rc8 10. Kb1 b5 11. Be3 Qc7 12. g4 Na5 13. Bd3 Nc4 14. Bxc4 bxc4 15. g5 Nh5 16. Ka1 Rb8 17. Nde2 Qb7 18. Rb1 Be7 19. Ng3 Nxg3 20. hxg3 a5 21. Bd4 e5 22. Be3 Bc6 23. g4 a4 24. a3 Kd7 25. Rhd1 Kc7 26. Na2 Rhd8 27. Qa5+ Kc8 28. Nb4 Ra8 29. Qb6 Qxb6 30. Bxb6 Kb7 31. Bxd8 Rxd8 32. Nxc6 Kxc6 33. Rh1 Bxg5 34. Rxh7 Rg8 35. Rd1 Be3 36. c3 Bc5 37. Kb1 Be3 38. Kc2 Bc5 39. Rdh1 d5 40. exd5+ Kxd5 41. Rh8 Rxh8 42. Rxh8 e4 43. Rd8+ Ke5 44. fxe4 Kxe4 45. Ra8 g6 46. Rxa4 f5 47. gxf5 gxf5 48. Rxc4+ Kd5 49. Kd3 1-0


[Site "https://www.chess.com"]

[Event "Titled Tuesday Blitz March 22 Late 2022"]
[White "Estrada Nieto, Julian"]
[Black "Djokic, Mihailo"]
[WhiteFideId "5101018"]
[BlackFideId "976440"]
[WhiteElo "2246"]
[BlackElo "2093"]
[Result "0-1"]
[Round "06"]
[TimeControl "180+1"]
[Date "2022.03.22"]
[WhiteClock "0:00:01"]
[BlackClock "0:00:03"]

1. e4 e6 2. d4 d5 3. Nd2 Nc6 4. Ngf3 Nf6 5. e5 Nd7 6. Be2 f6 7. exf6 Qxf6 8. Nf1 Bd6 9. Ne3 O-O 10. O-O Nb6 11. Ng4 Qf5 12. h3 Bd7 13. Bd3 Qh5 14. Nfe5 Be8 15. Nxc6 bxc6 16. Re1 Qf7 17. Qd2 c5 18. Qg5 Kh8 19. Qh4 Qh5 20. Qxh5 Bxh5 21. dxc5 Bxc5 22. Be3 Bxe3 23. Rxe3 Bxg4 24. hxg4 Na4 25. Bb5 Nc5 26. b4 Ne4 27. f3 Ng5 28. Bd3 a5 29. b5 a4 30. Rf1 Rae8 31. Re5 Nf7 32. Re2 e5 33. Rfe1 Re7 34. c4 dxc4 35. Bxc4 Nd6 36. Bd3 Rfe8 37. g3 g6 38. Kg2 Kg7 39. Rc1 h6 40. Rec2 Rc8 41. b6 Ne8 42. Ba6 Ra8 43. b7 Rb8 44. Rb1 Nd6 45. Rc6 e4 46. fxe4 Nxe4 47. Rbc1 Nd6 48. Rxc7 Rxc7 49. Rxc7+ Kf6 50. Rc8 Rxb7 51. Bxb7 Nxb7 52. Ra8 Nc5 53. Ra5 Nd3 54. Rxa4 Ne1+ 55. Kf2 Nd3+ 56. Ke3 Nb2 0-1


[Site "https://www.chess.com"]

[Event "Titled Tuesday Blitz March 22 Late 2022"]
[White "Ezat, Mohamed"]
[Black "Rabineau, Clement"]
[WhiteFideId "10600906"]
[BlackFideId "628891"]
[WhiteElo "2386"]
[BlackElo "2237"]
[Result "1-0"]
[Round "06"]
[TimeControl "180+1"]
[Date "2022.03.22"]
[WhiteClock "0:00:16"]
[BlackClock "0:00:04"]

1. d4 d6 2. c4 e5 3. Nf3 exd4 4. Nxd4 g6 5. Nc3 Bg7 6. g3 Nc6 7. Nxc6 bxc6 8. Bg2 Ne7 9. O-O O-O 10. Bg5 Rb8 11. Qd2 Bd7 12. a3 a5 13. Rab1 f6 14. Bf4 g5 15. Be3 Nf5 16. b4 axb4 17. axb4 Re8 18. Ba7 Ra8 19. Bd4 Nxd4 20. Qxd4 f5 21. Qd2 Ra3 22. Rfc1 Qf6 23. Nd1 h6 24. b5 Qe5 25. bxc6 Bc8 26. e3 Ba6 27. Qd5+ Kh7 28. Qxe5 Bxe5 29. c5 dxc5 30. Rxc5 Kg6 31. h3 f4 32. gxf4 gxf4 33. Be4+ Kf6 34. exf4 Bd4 35. Rf5+ Kg7 36. Bg2 Ra2 37. Kh2 Re1 38. Rd5 Bd3 39. Rb7 Ra4 40. Nc3 Kf6 41. Nxa4 Bxf2 42. Rxd3 h5 43. h4 Bxh4 44. Nc5 Bf2 45. Ne4+ 1-0


[Site "https://www.chess.com"]